 Dungeon Crawl Stone Soup version 0.29-a0-613-gf2c431b9b9 (webtiles) character file.

Game seed: 4044260391356883256

6 moldycheese5 the Skirmisher (level 1, 0/18 HPs)
             Began as a Demonspawn Abyssal Knight on June 16, 2022.
             Was a Believer of Lugonu.
             Slain by a bat (1 damage)
             ... on level 1 of the Dungeon.
             The game lasted 00:00:39 (103 turns).

moldycheese5 the Skirmisher (DsAK)                   Turns: 103, Time: 00:00:39

Health: 0/18       AC:  3    Str: 13    XL:     1   Next: 75%
Magic:  2/2        EV: 11    Int: 11    God:    Lugonu [**....]
Gold:   0          SH:  0    Dex: 13    Spells: 0/0 levels left

rFire   . . .      SeeInvis .   a - +1 falchion
rCold   . . .      Faith    .   (no shield)
rNeg    . . .      Spirit   .   b - +0 leather armour
rPois   .          Reflect  .   (no helmet)
rElec   .          Harm     .   (no cloak)
rCorr   .          Rampage  .   (no gloves)
Will    .....                   (no boots)
Stlth   +.........              (no amulet)
HPRegen 0.06/turn               (no ring)
MPRegen 0.08/turn               (no ring)

@: no status effects
A: no striking features
a: Renounce Religion, Depart the Abyss, Bend Space


You were on level 1 of the Dungeon.
You worshipped Lugonu.
Lugonu was pleased with you.
You visited 1 branch of the dungeon, and saw 1 of its levels.
You visited the Abyss 1 time.

Inventory:

Hand Weapons
 a - a +1 falchion (weapon)
Armour
 b - a +0 leather armour (worn)


   Skills:
 + Level 3.1 Fighting
 + Level 2.0 Long Blades
 + Level 1.8 Armour
 + Level 0.9 Dodging
 + Level 2.6 Invocations


You couldn't memorise any spells.
You didn't know any spells.
Your spell library was empty.

Dungeon Overview and Level Annotations

Branches:
Dungeon (1/15)

Altars:


Message History

* * * LOW HITPOINT WARNING * * *
The jackal misses you. The bat barely misses you.
The giant cockroach bites you but does no damage.
The jackal bites you but does no damage.
You hit the jackal but do no damage.
The jackal is heavily wounded.
The bat hits you.
* * * LOW HITPOINT WARNING * * *
The jackal barely misses you. The giant cockroach bites you.
* * * LOW HITPOINT WARNING * * *
You hit the jackal.
You kill the jackal!
Lugonu accepts your kill. The bat hits you but does no damage.
The giant cockroach bites you.
* * * LOW HITPOINT WARNING * * *
The giant cockroach barely misses you.
You slash the giant cockroach!
You kill the giant cockroach!
Lugonu accepts your kill. The bat misses you. The bat closely misses you.
Your Long Blades skill increases to level 2!
You barely miss the bat. Your punch misses the bat. The bat closely misses you.
The bat barely misses you. The bat hits you.
* * * LOW HITPOINT WARNING * * *
The bat barely misses you. The bat closely misses you.
You closely miss the bat. The bat hits you but does no damage. x2
You closely miss the bat. The bat hits you but does no damage. x2
The bat closely misses you.
You hit the bat.
The bat is moderately wounded.
The bat hits you but does no damage. The bat hits you but does no damage.
The bat hits you but does no damage. The bat hits you.
* * * LOW HITPOINT WARNING * * *
You hit the bat.
The bat is heavily wounded.
The bat closely misses you. The bat hits you.
You die...

..........#
..........#
.........#
#.......#
#.......#
#...)†).###.#
#...........#
#..:..b#######
#.....@.......
#......#######
#......#
######.### #...#
###♣#♣#♣#♣#♣#...#
#...............#
#<..♣♣..........#
#.............###


You could see a bat.

Vanquished Creatures
  A giant cockroach (D:1)
  A goblin (D:1)
  A jackal (D:1)
  A bat (D:1)
  A frilled lizard (D:1)
  A kobold (D:1)
6 creatures vanquished.

Notes
Turn   | Place    | Note
-------+----------+-------------------------------------------
     0 | Abyss:1  | moldycheese5 the Demonspawn Abyssal Knight began the quest
                  | for the Orb.
     0 | Abyss:1  | Reached XP level 1. HP: 18/18 MP: 2/2
    52 | D:1      | Escaped the Abyss
   103 | D:1      | Slain by a bat

Illustrated notes

Levels and vault maps discovered:
D:1:      minmay_arrival_plants_in_alcoves, layout_basic, minmay_misc_feat_x

Skill      XL: |  1 |
---------------+----+-----
Long Blades    | 2 |  2.0
Fighting       | |  3.1
Armour         | |  1.8
Dodging        | |  0.9
Invocations    | |  2.6

Action                   || total
-------------------------++-------
Melee: Falchion          ||    27
Armor: Leather armour    ||    25
Dodge: Dodged            ||    47

Table legend: (Time is in decaauts)
 A = Elapsed time spent in this place.
 B = Non-inter-level travel time spent in this place.
 C = Inter-level travel time spent in this place.
 D = Time resting spent in this place.
 E = Time spent auto-exploring this place.
 F = Levels seen in this place.
 G = Mean time per level.
                   A        B        C        D        E       F      G
               +--------+--------+--------+--------+--------+-----+--------+
         Total |    108 |    108 |      0 |      0 |     62 |   2 |   54.0 |
       Dungeon |     56 |     56 |      0 |      0 |     15 |   1 |   56.0 |
         Abyss |     52 |     52 |      0 |      0 |     47 |   1 |   52.0 |
               +--------+--------+--------+--------+--------+-----+--------+

Top non-repeatable levels by time:
     D:1: 56 daAuts
 Abyss:1: 52 daAuts
